 Dungeon Crawl Stone Soup version 0.18-a0-1323-g706dcef (webtiles) character file.

983 Ratboiler the Conjurer (level 7, -3/42 HPs)
             Began as a Deep Elf Wanderer on Feb 15, 2016.
             Was an Initiate of Vehumet.
             Killed from afar by namelastname112's ghost (19 damage)
             ... with a bolt of negative energy
             ... on level 5 of the Dungeon.
             The game lasted 00:19:48 (6224 turns).

Ratboiler the Conjurer (Deep Elf Wanderer)          Turns: 6224, Time: 00:19:48

Health: -3/42      AC:  5    Str:  7    XL:     7   Next: 96%
Magic:  8/15       EV: 12    Int: 22    God:    Vehumet [......]
Gold:   216        SH:  0    Dex: 13    Spells: 4 memorised, 5 levels left

rFire  . . .     SeeInvis .     m - -3 hand axe (curse)
rCold  . . .     Gourm    .     d - +0 robe
rNeg   . . .     Faith    .     (no shield)
rPois  .         Spirit   .     C - +0 helmet
rElec  .         Dismiss  .     l - +0 cloak
rCorr  .         Reflect  .     g - +0 pair of gloves
SustAt .         Harm     .     (no boots)
MR     .....                    (no amulet)
Stlth  +.........               (no ring)
                                (no ring)

@: shrouded, heavily drained, not resistant to hostile enchantments, very
unstealthy
A: no striking features
a: Renounce Religion


You were on level 5 of the Dungeon.
You worshipped Vehumet.
Vehumet was noncommittal.
You were not hungry.

You visited 1 branch of the dungeon, and saw 5 of its levels.

You collected 216 gold pieces.

Inventory:

Hand Weapons
 e - a +0 dagger
 m - a cursed -3 hand axe (weapon)
 v - a +2 dagger of speed
 R - a +0 long sword
 S - a +0 shortbow
Missiles
 k - 12 exploding sling bullets
 n - 18 arrows of dispersal
 o - 288 stones (quivered)
 u - 15 poisoned needles
 F - 39 arrows
 H - 25 sling bullets
 T - 16 arrows of flame
Armour
 d - a +0 robe (worn)
 g - a +0 pair of gloves (worn)
 i - a cursed +0 ring mail
 l - a +0 cloak (worn)
 C - a +0 helmet (worn)
Wands
 p - a wand of digging (12/24)
Scrolls
 q - 2 scrolls of recharging
 w - a scroll of immolation
 y - a scroll of teleportation
 D - a scroll of amnesia
 E - a scroll of blinking {unknown}
 M - a scroll of enchant weapon {unknown}
 O - a scroll of remove curse {unknown}
 P - a scroll of enchant armour {unknown}
 Q - a scroll of fog {unknown}
Potions
 h - a potion of experience {unknown}
 r - 2 potions of mutation {unknown}
 s - 2 potions of curing {unknown}
 x - a potion of lignification {unknown}
 z - 3 potions of ambrosia {unknown}
 A - a potion of agility {unknown}
 B - 4 potions of might
 G - a potion of degeneration {unknown}
 J - a potion of flight {unknown}
 K - a potion of heal wounds {unknown}
 L - a potion of brilliance {unknown}
 N - a potion of cure mutation {unknown}
Books
 a - a book of Battle

   Spells                             Type                      Level
   a - Infusion                       Charms                       1
   b - Shroud of Golubria             Charms/Translocation         2
   c - Song of Slaying                Charms                       2
   d - Spectral Weapon                Hexes/Charms                 3
   e - Regeneration                   Charms/Necromancy            3
 b - the Incunabulum of Conjuration and Weightlessness

   Spells                             Type                      Level
   a - Shock                          Conjuration/Air              1
   b - Static Discharge               Conjuration/Air              3
 c - the Volume of Enchantment

   Spells                             Type                      Level
   a - Corona                         Hexes                        1
   b - Slow                           Hexes                        2
Comestibles
 f - 5 bread rations
 j - 3 meat rations
 I - a royal jelly


   Skills:
 + Level 3.7(2.4) Fighting
 - Level 1.0(0.0) Throwing
 + Level 2.5(1.2) Dodging
   Level 1.0(0.0) Shields
 - Level 4.4(3.0) Spellcasting
 + Level 7.2(5.8) Conjurations
 - Level 6.0(4.6) Charms
 - Level 3.1(1.8) Air Magic


You had 5 spell levels left.
You knew the following spells:

 Your Spells              Type           Power        Failure   Level  Hunger
a - Shock                 Conj/Air       ###.         2%          1    None
b - Regeneration          Chrm/Necr      ##........   14%         3    ###....
c - Spectral Weapon       Hex/Chrm       ##......     14%         3    ###....
d - Shroud of Golubria    Chrm/Tloc      ##........   10%         2    ##.....


Dungeon Overview and Level Annotations

Branches:
Dungeon (5/15)             Temple (0/1) D:4

Altars:
Dithmenos
Fedhas
Gozag
Pakellas
Qazlal
Sif Muna
Vehumet
Zin

Shops:
D:5 [

Annotations:
D:5 namelastname112's ghost, novice DrMo


Message History

Aiming: Shock
Press: ? - help, Shift-Dir - straight line, f/p - namelastname112's ghost
Aim: namelastname112's ghost (lightly damaged)
The zap hits the hound.
You kill the hound!
Vehumet accepts your kill.
The zap hits namelastname112's ghost.
Namelastname112's ghost is lightly damaged.
A quokka skeleton comes into view.
Namelastname112's ghost breathes negative energy at you.
The bolt of negative energy hits you!
You feel drained.
The bolt of negative energy hits the quokka skeleton.
The quokka skeleton completely resists.
The quokka skeleton closely misses you. The quokka skeleton barely misses you.
Namelastname112's ghost breathes negative energy at you.
The bolt of negative energy hits the quokka skeleton.
The quokka skeleton completely resists.
The bolt of negative energy hits you!
You feel drained.
You die...

......##+####....# #........
......##....#....##### #####....
............'........# #....
####..##....#........# +....
####..##....#........##### #....
......#######............# #....
......#.....#########....# #....
......'......#......#....# +....
..##..##.....#..@ZW.#....####....
########....##..##..#............
########..##..'........###+
..........#####........'... +
#........#............#... ..#
#........#....####....#### ..#
#....##..#....# #....#... ..#
..##....##..#....# #....#... ..+
............#....# #....#...


You could see namelastname112's ghost and a quokka skeleton.

Vanquished Creatures
  An ogre (D:5)
  A centaur (D:5)
  A giant frog (D:4)
  A scorpion (D:5)
  A crimson imp (D:5)
  2 hounds (D:5)
  Crazy Yiuf (D:3)
  A jelly (D:5)
  Jessica (D:2)
  Terence (D:2)
  An iguana (D:4)
  2 worker ants (D:4)
  Ijyb (D:2)
  Natasha (thrice) (D:2)
  5 orc wizards
  Robin (D:3)
  4 adders
  A shadow imp (D:5)
  An ooze (D:3)
  8 worms
  2 giant geckos
  11 orcs
  6 bats
  6 giant cockroaches
  24 goblins
  17 hobgoblins
  A quokka (D:3)
  2 ball pythons
  7 giant newts
  3 kobolds
  A quokka zombie (D:5)
  7 rats
125 creatures vanquished.

Notes
Turn   | Place    | Note
--------------------------------------------------------------
     0 | D:1      | Ratboiler the Deep Elf Wanderer began the quest for the Orb.
     0 | D:1      | Ratboiler set off with: a book of Battle, the Incunabulum of Conjuration and Weightlessness, the Volume of Enchantment, a +0 robe, a +0 dagger, a bread ration
     0 | D:1      | Reached XP level 1. HP: 10/10 MP: 7/7
     0 | D:1      | Identified the Incunabulum of Conjuration and Weightlessness
     0 | D:1      | Identified the Volume of Enchantment
     2 | D:1      | Learned a level 1 spell: Shock
   222 | D:1      | Reached skill level 1 in Conjurations
   371 | D:1      | Reached XP level 2. HP: 15/15 MP: 7/9
  1287 | D:2      | Noticed Ijyb
  1395 | D:1      | Reached XP level 3. HP: 13/19 MP: 8/10
  1486 | D:1      | Learned a level 3 spell: Regeneration
  1490 | D:1      | Learned a level 3 spell: Spectral Weapon
  1614 | D:2      | Noticed Terence
  1986 | D:2      | Noticed Jessica
  1994 | D:2      | Killed Jessica
  1994 | D:2      | Reached XP level 4. HP: 24/24 MP: 7/12
  2159 | D:2      | Noticed Natasha
  2169 | D:2      | Killed Natasha
  2407 | D:2      | Reached skill level 6 in Charms
  2461 | D:2      | Killed Terence
  2461 | D:2      | Reached XP level 5. HP: 16/28 MP: 3/13
  2665 | D:2      | Noticed Natasha
  2672 | D:2      | Killed Natasha
  2797 | D:2      | Killed Ijyb
  2838 | D:2      | Noticed Natasha
  2844 | D:2      | Killed Natasha
  2896 | D:2      | Reached skill level 5 in Conjurations
  3408 | D:3      | Noticed Robin
  3412 | D:3      | Killed Robin
  3412 | D:3      | Reached XP level 6. HP: 31/33 MP: 9/14
  3925 | D:3      | Found an oddly glowing altar of Pakellas.
  4046 | D:3      | Found an opulent altar of Gozag.
  4092 | D:3      | Reached skill level 1 in Fighting
  4233 | D:3      | Noticed Crazy Yiuf
  4239 | D:3      | Killed Crazy Yiuf
  4285 | D:4      | Found a blossoming altar of Fedhas.
  4457 | D:4      | Found a radiant altar of Vehumet.
  4463 | D:4      | Became a worshipper of Vehumet
  4683 | D:4      | Found a staircase to the Ecumenical Temple.
  4743 | D:4      | Found a deep blue altar of Sif Muna.
  4822 | D:4      | Learned a level 2 spell: Shroud of Golubria
  4906 | D:4      | Found a stormy altar of Qazlal.
  5070 | D:4      | Reached XP level 7. HP: 34/40 MP: 10/15
  5116 | D:4      | Found a shadowy altar of Dithmenos.
  5117 | D:4      | Found a glowing silver altar of Zin.
  5216 | D:5      | Entered Level 5 of the Dungeon
  5307 | D:5      | Noticed namelastname112's ghost (novice DrMo)
  5709 | D:5      | Reached skill level 1 in Dodging
  5833 | D:5      | Reached skill level 7 in Conjurations
  6002 | D:5      | Found Gideyram's Armour Shoppe.
  6012 | D:5      | Got a scorched scale mail
  6224 | D:5      | Killed from afar by namelastname112's ghost

Vault maps used:
D:1:      saegor_arrival_miasma
D:2:      kennysheep_the_goblin_king, minmay_misc_feat_cross,
          corexii_item_surrounded_by_moat, guppyfry_early_orc_mine,
          uniq_jessica, uniq_natasha, uniq_terence
D:3:      overflow_temple_1_default, first_bread, nicolae_gozag_seed_capital,
          uniq_robin, uniq_iyjb, uniq_crazy_yiuf_cottage
D:4:      vehumet_crystals, fedhas_altar_2, nicolae_overflow_hidden_temple,
          overflow_temple_1_default, minmay_temple_entry_overgrown,
          serial_curves, eino_curves_02, eino_curves_03, kennysheep_nondescript,
          led_sif_book
D:5:      serial_shops, nicolae_shop_crystal

Action                   |  1- 3 |  4- 6 |  7- 9 || total
-------------------------+-------+-------+-------++-------
Melee: Hand axe          |    45 |    41 |     5 ||    91
       Dagger            |     1 |       |       ||     1
 Cast: Shock             |    62 |   171 |    85 ||   318
       Spectral Weapon   |     2 |     4 |     1 ||     7
       Regeneration      |       |     1 |       ||     1
       Shroud of Golubri |       |     2 |     3 ||     5
  Use: Scroll            |       |     4 |     1 ||     5
 Stab: Sleeping          |       |     2 |       ||     2
  Eat: Chunk             |     3 |     7 |     3 ||    13
       Pizza             |       |     2 |       ||     2
       Fruit             |       |       |     3 ||     3
